 Dungeon Crawl Stone Soup version 0.22-a0-247-gbddf880 (webtiles) character file.

1574 FrankyJ the Nimble (level 8, -15/48 HPs)
             Began as a Deep Elf Summoner on Feb 24, 2018.
             Was an Initiate of Sif Muna.
             Demolished by a freezing wraith (23 damage)
             ... on level 7 of the Dungeon on Feb 26, 2018.
             The game lasted 00:33:49 (11827 turns).

FrankyJ the Nimble (Deep Elf Summoner)             Turns: 11827, Time: 00:33:50

Health: -15/48     AC:  3    Str:  7    XL:     8   Next: 59%
Magic:  3/20       EV: 15    Int: 21    God:    Sif Muna [......]
Gold:   268        SH:  0    Dex: 15    Spells: 11/21 levels left

rFire    . . .     SeeInvis .   i - +0 rapier
rCold    . . .     Gourm    .   (no shield)
rNeg     . . .     Faith    .   a - +0 robe
rPois    .         Spirit   .   (no helmet)
rElec    .         Reflect  .   A - +0 cloak
rCorr    .         Harm     .   (no gloves)
MR       .....                  (no boots)
Stlth    ++........             (no amulet)
HPRegen  0.16/turn              h - ring of wizardry
MPRegen  0.17/turn              l - -3 ring of evasion (curse)

@: no status effects
A: no striking features
a: Renounce Religion


You were on level 7 of the Dungeon.
You worshipped Sif Muna.
Sif Muna was noncommittal.
You were hungry.

You visited 2 branches of the dungeon, and saw 9 of its levels.

You collected 268 gold pieces.

Inventory:

Hand Weapons
 i - a +0 rapier (weapon)
 o - a +0 quarterstaff
 E - a +0 quarterstaff
Missiles
 j - 30 poisoned needles
 t - 2 tomahawks (quivered)
Armour
 a - a +0 robe (worn)
 s - a scarf of resistance
 A - a +0 cloak (worn)
Jewellery
 h - a ring of wizardry (left hand)
 l - a cursed -3 ring of evasion (right hand)
 x - an uncursed ring of magical power {unknown}
Wands
 r - a wand of random effects (30)
 F - a wand of polymorph (16)
 G - a wand of clouds (4)
Scrolls
 f - a scroll of amnesia
 g - 7 scrolls of identify
 v - a scroll of magic mapping {unknown}
 w - 4 scrolls of teleportation
 y - 3 scrolls of remove curse {unknown}
 B - a scroll of enchant weapon {unknown}
 D - a scroll of fog {unknown}
Potions
 c - a potion of invisibility {unknown}
 d - a potion of berserk rage {unknown}
 k - a potion of flight {unknown}
 m - a potion of might {unknown}
 n - 4 potions of heal wounds {unknown}
 p - a potion of lignification {unknown}
 q - a potion of magic {unknown}
 u - 3 potions of curing {unknown}
 z - a potion of mutation {unknown}
Comestibles
 b - 14 rations


   Skills:
 + Level 4.8 Fighting
 - Level 9.0 Dodging
 - Level 3.0 Stealth
 - Level 7.0 Spellcasting
 - Level 5.0 Summonings


You had 11 spell levels left.
You knew the following spells:

 Your Spells              Type           Power        Failure   Level  Hunger
a - Summon Small Mammal   Summ           ####         1%          1    None
b - Call Imp              Summ           ####....     1%          2    None
c - Call Canine Familiar  Summ           ####....     1%          3    #......
d - Summon Lightning Spi  Summ/Air       ###.....     12%         4    ###....


Dungeon Overview and Level Annotations

Branches:
Dungeon (8/15)             Temple (1/1) D:7
   Lair: D:8-11

Altars:
Ashenzari
Cheibriados
Elyvilon
Fedhas
Gozag
Hepliaklqana
Kikubaaqudgha
Makhleb
Nemelex Xobeh
Okawaru
Qazlal
Ru
Sif Muna
Trog
Uskayaw
Vehumet
Wu Jian
Xom
Yredelemnul
Zin
The Shining One


Message History

The bolt of poison hits the freezing wraith.
The freezing wraith appears unharmed.
The freezing wraith is heavily damaged.
The bolt of poison hits your crimson imp.
Your crimson imp is moderately wounded.
You closely miss the freezing wraith.
The freezing wraith is heavily damaged.
Your crimson imp hits the freezing wraith but does no damage.
The freezing wraith closely misses you. The freezing wraith hits you.
Your crimson imp completely misses the freezing wraith.
You hit the freezing wraith but do no damage.
The freezing wraith is heavily damaged.
The freezing wraith hits you. The freezing wraith freezes you!!
The freezing wraith hits you!
* * * LOW HITPOINT WARNING * * *
Your crimson imp completely misses the freezing wraith.
The freezing wraith hits you.
* * * LOW HITPOINT WARNING * * *
The freezing wraith freezes you!!
You die...

.......# # .......# ###########
.......# #....'....# ######.#
#.⌠..#....# #....#.# #..⌠.#....#
'....'.# #....#...>#
#....#.#'##############'#########
#'####.#..P.....P#.........#.....
#....#.#......5W@#.........#.....
.....#.#......5..#.........#...##
.....#.#.P.P.P.P.'.........#...#.
.....#.#####################...#.
.....#..................)......#.
.....#.........................#.
.....##'###.....########......##.
..........#.....#......#......#..
..........#.....#......#......'..


You could see a freezing wraith, a crimson imp and a friendly crimson imp.

Vanquished Creatures
  A deep elf mage (D:7)
  A wyvern (D:7)
  A bullfrog (D:6)
  3 crimson imps
  An orc priest (D:4)
  An iguana (D:6)
  A worker ant (D:7)
  A killer bee zombie (D:7)
  A gnoll (D:5)
  4 leopard geckos
  4 orcs
  2 bats (D:1)
  A giant cockroach (D:2)
  5 goblins
  4 jackals
  5 kobolds
  A quokka (D:4)
  4 frilled lizards
  A giant cockroach zombie (D:5)
  A jackal zombie (D:5)
  6 rats
  2 bushes (D:7)
51 creatures vanquished.

Vanquished Creatures (collateral kills)
  Edmund (D:6)
  An acid dragon (D:7)
  An ice beast (D:7)
  A sky beast (D:6)
  2 ogres
  A phantom (D:7)
  4 bullfrogs (D:6)
  A wyvern zombie (D:3)
  3 scorpions
  A crimson imp (D:7)
  2 hounds (D:7)
  A quasit (D:7)
  A bullfrog zombie (D:5)
  A jelly (D:7)
  2 orc wizards
  A bullfrog skeleton (D:5)
  An iguana (D:7)
  3 worker ants
  Ijyb (D:3)
  2 hound zombies (D:6)
  3 gnolls
  10 adders
  An ooze (D:1)
  An adder skeleton (D:3)
  2 worms
  2 dart slugs (D:1)
  3 leopard geckos
  5 orcs
  3 bats
  A giant cockroach (D:1)
  6 goblins
  4 hobgoblins (D:1)
  2 jackals (D:1)
  5 quokkas
  2 frilled lizards
  3 kobolds
  A quokka skeleton (D:2)
  4 rats
89 creatures vanquished.

Grand Total: 140 creatures vanquished

Notes
Turn   | Place    | Note
-------+----------+-------------------------------------------
     0 | D:1      | FrankyJ the Deep Elf Summoner began the quest for the Orb.
     0 | D:1      | Reached XP level 1. HP: 10/10 MP: 6/6
   439 | D:1      | Reached XP level 2. HP: 15/15 MP: 5/8
   498 | D:1      | Learned a level 2 spell: Call Imp
  1112 | D:1      | Reached skill level 3 in Dodging
  1600 | D:1      | Reached skill level 5 in Summonings
  1626 | D:1      | Reached XP level 3. HP: 18/19 MP: 6/9
  3442 | D:3      | You fall through a shaft!
  3556 | D:3      | Noticed Ijyb
  3578 | D:3      | Reached XP level 4. HP: 12/24 MP: 8/12
  3765 | D:3      | Killed Ijyb
  4151 | D:3      | Reached skill level 4 in Dodging
  4958 | D:3      | Reached XP level 5. HP: 22/28 MP: 10/13
  5060 | D:3      | Reached skill level 5 in Dodging
  5522 | D:4      | Found a shattered altar of Ashenzari.
  5585 | D:4      | Learned a level 3 spell: Call Canine Familiar
  5590 | D:4      | Learned a level 4 spell: Summon Lightning Spire
  6477 | D:5      | Entered Level 5 of the Dungeon
  6934 | D:5      | Found a sparkling altar of Nemelex Xobeh.
  7004 | D:5      | Noticed an ogre
  7022 | D:5      | Killed an ogre
  7022 | D:5      | Reached skill level 6 in Dodging
  7105 | D:5      | Reached XP level 6. HP: 16/32 MP: 2/14
  7345 | D:5      | Found an ornate altar of the Wu Jian Council.
  7806 | D:6      | Reached skill level 7 in Dodging
  8291 | D:6      | Noticed Edmund
  8311 | D:6      | Killed Edmund
  8311 | D:6      | Reached skill level 8 in Dodging
  8391 | D:6      | Reached XP level 7. HP: 25/36 MP: 12/15
  8608 | D:6      | Reached skill level 9 in Dodging
  9080 | D:6      | Reached skill level 5 in Spellcasting
  9659 | D:6      | Found an ancient bone altar of Kikubaaqudgha.
 10306 | D:7      | Found a sacrificial altar of Ru.
 10395 | D:7      | Found a staircase to the Ecumenical Temple.
 10401 | Temple   | Entered the Ecumenical Temple
 10586 | Temple   | Became a worshipper of Sif Muna the Loreminder
 10903 | D:7      | Reached skill level 1 in Fighting
 10903 | D:7      | Reached XP level 8. HP: 43/43 MP: 13/20
 11157 | D:8      | Noticed a hippogriff
 11181 | D:8      | HP: 2/43 [hound (2)]
 11605 | D:7      | Noticed a deep elf mage
 11615 | D:7      | Killed a deep elf mage
 11810 | D:7      | Noticed a freezing wraith
 11827 | D:7      | Demolished by a freezing wraith

Vault maps used:
D:1:      dpeg_arrival_arbitrary_c, minmay_pentomino_o2
D:2:      grunt_ministairs_2, minivault_4
D:3:      kennysheep_the_goblin_king
D:4:      ashenzari_altar_1
D:5:      nemelex_xobeh_ov_fountains_minmay, lemuel_doored_altar, first_ration
D:6:      basic_altar, small_statue_intersection, roderic_nine_men_s_morris,
          uniq_edmund
D:7:      minmay_klotski, minmay_temple_entry_fiery, nicolae_ru_path_of_blood
D:8:      nicolae_dithmenos_the_darkroom, special_room
Temple:   regret_index_temple_mists

Skill      XL: |  1  2  3  4  5  6  7  8 |
---------------+-------------------------+-----
Stealth        | 3 |  3.0
Dodging        | 3 4 6 8 9 |  9.0
Summonings     | 5 |  5.0
Spellcasting   | 4 7 |  7.0
Fighting       | 1 4 |  4.8

Action                   |  1- 3 |  4- 6 |  7- 9 || total
-------------------------+-------+-------+-------++-------
Melee: Dagger            |    63 |       |       ||    63
       Rapier            |    57 |    94 |    82 ||   233
Throw: Tomahawk          |       |       |     2 ||     2
 Cast: Summon Small Mamm |    11 |       |       ||    11
       Call Imp          |    30 |    65 |    32 ||   127
       Summon Lightning  |       |     1 |     9 ||    10
       Call Canine Famil |       |       |     7 ||     7
Evoke: Wand              |       |       |     2 ||     2
  Use: Scroll            |     4 |     3 |     2 ||     9
 Stab: Sleeping          |     6 |     4 |     3 ||    13
       Distracted        |       |     5 |     3 ||     8
  Eat: Chunk             |     5 |     7 |    12 ||    24
       Ration            |     1 |     3 |       ||     4
Armor: Robe              |    44 |    21 |    17 ||    82
Dodge: Dodged            |    96 |    93 |    86 ||   275

Table legend:
 A = Spawn XP
 B = Non-spawn XP
 C = Spawn XP percentage of total XP
 D = Spawn monster count
 E = Non-spawn monster count
 F = Spawn count percentage of total count
 G = Total turns spent on level
                    A         B        C        D         E        F      G
               +---------+---------+-------+---------+---------+-------+---------
         Total |       0 |    2249 |   0.0 |       0 |     138 |   0.0 | 11827
               +---------+---------+-------+---------+---------+-------+---------
           D:1 |       0 |      41 |   0.0 |       0 |      27 |   0.0 |  1701
           D:2 |       0 |      37 |   0.0 |       0 |      18 |   0.0 |  1982
           D:3 |       0 |     123 |   0.0 |       0 |      25 |   0.0 |  1428
           D:4 |       0 |      46 |   0.0 |       0 |       9 |   0.0 |  1669
           D:5 |       0 |     182 |   0.0 |       0 |      15 |   0.0 |  1174
           D:6 |       0 |     704 |   0.0 |       0 |      22 |   0.0 |  1834
           D:7 |       0 |    1116 |   0.0 |       0 |      22 |   0.0 |  1826
               +---------+---------+-------+---------+---------+-------+---------
